 Dungeon Crawl Stone Soup version 0.28.0-53-g5a82cb258f (webtiles) character file.

Game seed: 3879170808629975411

8 lonewolfV2 the Skirmisher (level 2, -1/24 HPs)
             Began as a Demonspawn Berserker on May 23, 2022.
             Was a Follower of Trog.
             Slain by a gnoll
             ... wielding a +0 whip
              (9 damage)
             ... on level 1 of the Dungeon.
             The game lasted 00:00:17 (291 turns).

lonewolfV2 the Skirmisher (Demonspawn Berserker)     Turns: 291, Time: 00:00:18

Health: -1/24      AC:  2    Str: 17    XL:     2   Next: 0%
Magic:  2/2        EV: 12    Int:  8    God:    Trog [*.....]
Gold:   12         SH:  0    Dex: 12    Spells: 1/1 levels left

rFire   . . .      SeeInvis .   a - +0 hand axe
rCold   . . .      Faith    .   (no shield)
rNeg    . . .      Spirit   .   b - +0 animal skin
rPois   .          Reflect  .   (no helmet)
rElec   .          Harm     .   (no cloak)
rCorr   .          Rampage  .   (no gloves)
Will    .....                   (no boots)
Stlth   +.........              (no amulet)
HPRegen 0.08/turn               (no ring)
MPRegen 0.08/turn               (no ring)

@: no status effects
A: demonic touch 1
a: Renounce Religion, Berserk


You were on level 1 of the Dungeon.
You worshipped Trog.
Trog was aware of your devotion.
You visited 1 branch of the dungeon, and saw 1 of its levels.

You collected 12 gold pieces.

Inventory:

Hand Weapons
 a - a +0 hand axe (weapon)
Armour
 b - a +0 animal skin (worn)
Potions
 c - a potion of might {unknown}


   Skills:
 + Level 3.2 Fighting
 + Level 3.0 Axes
 + Level 1.8 Armour
 + Level 1.8 Dodging


You had one spell level left.
You didn't know any spells.
Your spell library was empty.

Dungeon Overview and Level Annotations

Branches:
Dungeon (1/15)

Altars:


Innate Abilities, Weirdness & Mutations

Your touch may inflict minor irresistible damage on your foes.


Message History

A hobgoblin is nearby!
A hobgoblin is nearby!
A hobgoblin is nearby!
Found a stone staircase leading down.
The hobgoblin closely misses you.
You hit the hobgoblin.
The hobgoblin is almost dead.
The hobgoblin misses you.
You hit the hobgoblin.
You kill the hobgoblin!
Trog accepts your kill.
Your Axes skill increases to level 3!
You have reached level 2!
Your demonic ancestry asserts itself...
Your hands begin to faintly glow with unholy energy.
You open the door.
There is an open door here.
You open the door.
There is an open door here.
You open the door.
A gnoll comes into view. It is wielding a +0 whip.
A gnoll is nearby!
A gnoll is nearby!
A gnoll is nearby!
A hobgoblin and a quokka come into view.
Found a metallic puce potion.
The hobgoblin shouts!
The gnoll hits you but does no damage.
You hit the gnoll. Your touch misses the gnoll.
The gnoll is moderately wounded.
The gnoll barely misses you.
You barely miss the gnoll. You punch the gnoll.
The gnoll is heavily wounded.
The gnoll hits you with a +0 whip! The gnoll hits you with a +0 whip.
You hit the gnoll but do no damage.
You touch the gnoll.
The gnoll is severely wounded.
The gnoll barely misses you. The hobgoblin barely misses you.
You closely miss the gnoll. Your touch misses the gnoll.
The gnoll is severely wounded.
You barely miss the hobgoblin. The gnoll hits you with a +0 whip!
You die...

.# ### ...####..
##.....r.#######
..!...gg.......
#.####@...###
###...........###
........#####...###
#..........###....####
..####.###...........####
# #.##....#)÷)÷#......
..........####.......
#########.###........
##..##........


You could see a gnoll, a quokka and a hobgoblin.

Vanquished Creatures
  An endoplasm (D:1)
  A goblin (D:1)
  A hobgoblin (D:1)
  A kobold (D:1)
  A ball python (D:1)
  2 frilled lizards (D:1)
  A rat (D:1)
8 creatures vanquished.

Notes
Turn   | Place    | Note
-------+----------+-------------------------------------------
     0 | D:1      | lonewolfV2 the Demonspawn Berserker began the quest for the
                  | Orb.
     0 | D:1      | Reached XP level 1. HP: 18/18 MP: 1/1
   243 | D:1      | Gained mutation: Your touch may inflict minor irresistible
                  | damage on your foes. [demonic ancestry]
   243 | D:1      | Reached XP level 2. HP: 24/24 MP: 2/2
   291 | D:1      | Slain by a gnoll

Illustrated notes

Levels and vault maps discovered:
D:1:      dpeg_arrival_short_road, layout_rooms,
          hellmonk_ecumenical_altar_inner_sanctum

Skill      XL: |  1 |
---------------+----+-----
Axes           | 3 |  3.0
Fighting       | |  3.2
Armour         | |  1.8
Dodging        | |  1.8

Action                   || total
-------------------------++-------
Melee: Hand axe          ||    16
       Touch             ||     1
       Punch             ||     1
Armor: Animal skin       ||     1
Dodge: Dodged            ||    14
